Map: Eternal Empire LE

Players

Furis - Winner!

  • Race: Terran Terran
  • League: Diamond
  • Spawn Location: 1:00

A.I. 1 (Very Easy)

  • Race: Zerg Zerg
  • Spawn Location: 7:00

VOD

Have the link to the VOD?

Description

Time

  • Played on: May 15, 2020, 6:23 p.m.
  • Length: 10:25
Show
View Real Time Build Order
Export as new Build Order

Furis Terran - Winner!

Build Orders: Hellion Opening, Reaper Expand 

Get SALT Encoding   

  12  0:00  SCV  
  13  0:13  SCV  
  14  0:17  Supply Depot  
  14  0:25  SCV  
  15  0:39  SCV  
  15  0:41  Barracks  
  16  0:44  Refinery  
  16  0:51  SCV  
  17  1:03  SCV  
  18  1:15  SCV  
  19  1:28  Orbital Command  
  19  1:29  Reaper  
  20  1:43  Command Center  
  20  1:52  Supply Depot  
  20  1:54  SCV  
  21  2:01  Marine  
  22  2:08  Refinery  
  22  2:13  SCV  
  23  2:16  Factory  
  23  2:21  Barracks Reactor  
  23  2:25  SCV  
  24  2:38  SCV  
  25  2:51  SCV  
  25  2:56  Orbital Command  
  26  3:06  Starport  
  26  3:07  Hellion x2  
  26  3:10  Barracks Tech Lab  
  30  3:15  SCV  
  31  3:21  SCV  
  32  3:27  SCV  
  32  3:28  Hellion x2  
  32  3:29  Supply Depot  
  32  3:33  SCV  
  38  3:39  SCV  
  39  3:45  Fusion Core, SCV  
  40  3:49  Hellion  
  40  3:50  Hellion  
  40  3:53  Viking  
  47  3:55  SCV  
  47  3:58  SCV  
  48  4:07  SCV  
  48  4:09  Supply Depot  
  49  4:10  SCV  
  54  4:25  Supply Depot  
  54  4:26  SCV x2  
  52  4:35  Battlecruiser  
  58  4:40  Barracks Tech Lab  
  58  4:42  Barracks  
  58  4:44  Barracks  
  58  4:48  SCV x2  
  60  4:54  Supply Depot  
  60  4:56  Supply Depot  
  60  5:00  SCV  
  60  5:05  SCV  
  62  5:11  Stimpack  
  62  5:12  SCV  
  63  5:17  SCV  
  63  5:20  Refinery  
  64  5:22  Refinery  
  64  5:24  SCV  
  65  5:30  Marine x3  
  65  5:31  Marine  
  69  5:37  Supply Depot  
  69  5:40  SCV x2  
  71  5:47  Battlecruiser  
  77  5:52  SCV  
  77  5:55  Marine x3  
  77  5:56  Marine  
  83  5:57  Factory Reactor  
  83  6:04  SCV  
  83  6:10  Engineering Bay  
  83  6:11  Engineering Bay  
  84  6:13  Marine, SCV  
  84  6:16  SCV  
  86  6:19  Command Center  
  86  6:25  Marine x2  
  86  6:26  Marine  
  86  6:28  SCV  
  90  6:39  Terran Infantry Weapons Level 1, Terran Infantry Armor Level 1  
  90  6:40  SCV  
  90  6:44  SCV  
  92  6:53  Barracks  
  93  6:54  Barracks  
  93  6:55  Marine  
  93  6:57  Factory Reactor  
  93  7:01  Marine x2, SCV, Battlecruiser  
  101  7:03  Supply Depot  
  103  7:13  SCV  
  103  7:14  SCV  
  103  7:15  Armory  
  104  7:20  Supply Depot x2  
  104  7:24  Marine x2  
  104  7:25  Marine x3, SCV  
  104  7:26  SCV, Combat Shield  
  111  7:40  SCV x2  
  111  7:41  Marine  
  111  7:42  Marine x2  
  117  7:48  Refinery  
  116  7:52  Orbital Command  
  116  7:53  Refinery  
  116  7:55  SCV x2  
  116  7:56  Marine  
  116  7:57  Marine x4  
  123  8:01  Factory Reactor  
  123  8:04  Barracks Reactor  
  123  8:07  SCV  
  123  8:12  SCV  
  125  8:19  Starport Reactor, SCV x2  
  127  8:20  Marine x3  
  127  8:21  Marine x4, Factory  
  134  8:30  Terran Vehicle And Ship Armor Level 1  
  134  8:33  SCV x2  
  134  8:34  SCV  
  137  8:38  Marine x3  
  140  8:42  Barracks  
  140  8:45  Factory Tech Lab, SCV  
  141  8:52  Marine x2  
  141  8:53  Marine x4  
  141  8:54  SCV  
  141  8:55  SCV  
  149  9:03  Concussive Shells  
  149  9:21  Supply Depot  
  149  9:23  Supply Depot x2  
  149  9:25  Supply Depot  
  149  9:28  Marine x2  
  149  9:31  Marine x2  
  149  9:33  Command Center  
  149  9:43  Marine x5, SCV, Medivac  
  149  9:44  Marine x2  
  149  9:45  Siege Tank x2, Medivac  
  167  9:46  Marine  
  167  9:47  Marauder  
  167  9:49  Marine x2  
  172  10:00  Marine x2  
  172  10:02  Marine  
Show
View Real Time Build Order
Export as new Build Order

A.I. 1 (Very Easy) Zerg 

Build Orders: Hatch First 

Get SALT Encoding   

  12  0:00  Drone  
  13  0:12  Overlord  
  13  0:17  Drone  
  14  0:41  Hatchery  
  13  0:45  Drone  
  14  1:03  Spawning Pool  
  13  1:05  Drone  
  13  1:09  Extractor  
  13  1:12  Drone  
  14  1:20  Overlord  
  14  1:50  Zergling x2, Queen  
  14  1:52  Zergling x2  
  18  2:01  Roach Warren  
  18  2:03  Extractor  
  18  2:07  Drone  
  17  2:14  Drone  
  18  2:17  Zergling x2  
  18  2:22  Drone  
  20  2:29  Drone  
  21  2:36  Drone  
  22  2:43  Drone  
  23  2:50  Drone  
  24  2:57  Lair  
  25  2:58  Drone  
  25  3:25  Drone  
  26  3:32  Drone  
  27  3:40  Overlord, Drone  
  28  3:47  Drone  
  29  3:54  Drone  
  30  3:56  Spire  
  30  4:01  Drone  
  30  4:05  Overseer  
  30  4:08  Drone  
  31  4:11  Overseer  
  31  4:15  Drone  
  32  4:23  Drone  
  33  4:24  Overlord  
  33  4:30  Drone  
  34  4:37  Drone  
  35  4:42  Extractor  
  35  4:44  Drone  
  35  4:51  Drone, Extractor  
  35  4:58  Drone  
  36  5:05  Drone  
  37  5:09  Mutalisk  
  37  5:13  Drone  
  40  5:20  Drone  
  41  5:27  Drone  
  42  5:34  Drone  
  43  5:36  Overlord  
  43  5:41  Drone  
  44  5:48  Drone  
  44  5:49  Mutalisk  
  47  5:55  Drone  
  48  6:03  Drone  
  49  6:10  Overlord, Overseer  
  49  7:26  Overseer  
  49  7:27  Overlord  
  49  9:22  Zergling x2  
  47  9:27  Overlord  
  47  9:31  Queen  
  47  9:40  Overseer  
  47  9:46  Overlord  
  47  9:51  Roach  
  49  9:58  Drone  
  46  10:05  Overlord x2, Drone  
  40  10:12  Drone  
Tags
 
Add a new tag
Caveats
  • Supply blocks, unpowered buildings, or Contaminate may cause inaccurate times.
  • Supply counts are checked every 10 seconds.